 Dungeon Crawl Stone Soup version 0.17-a0-1210-g1e4f09d (webtiles) character file.

80 HEYYEYAAE the Gusty (level 4, 0/32 HPs)
             Began as a Human Air Elementalist on June 4, 2015.
             Killed from afar by an orc wizard (9 damage)
             ... with a magic dart
             ... on level 3 of the Dungeon.
             The game lasted 00:04:01 (1589 turns).

HEYYEYAAE the Gusty (Human Air Elementalist)        Turns: 1589, Time: 00:04:01

Health: 0/32       AC:  2    Str:  9    XL:     4   Next: 65%
Magic:  0/8        EV: 12    Int: 16    God:
Gold:   99         SH:  0    Dex: 13    Spells: 2 memorised, 4 levels left

rFire  . . .     SeeInvis .     n - +2 great sword (drain)
rCold  . . .     Clarity  .     a - +0 robe
rNeg   . . .     SustAt   .     (no shield)
rPois  .         Gourm    .     (no helmet)
rElec  .         Spirit   .     (no cloak)
rCorr  .         Warding  .     (no gloves)
rMut   .         Stasis   .     (no boots)
MR     .....                    (no amulet)
Stlth  ++........               (no ring)
                                e - ring of flight

@: not resistant to hostile enchantments, unstealthy
A: high mp 1
a: Evoke Flight


You were on level 3 of the Dungeon.
You were very hungry.

You visited 1 branch of the dungeon, and saw 3 of its levels.

You collected 99 gold pieces.

Inventory:

Hand weapons
 f - a +0 whip
 j - a +0 dagger
 n - a +2 great sword of draining (weapon)
Armour
 a - a +0 robe (worn)
Jewellery
 e - a ring of flight (left hand)
Scrolls
 i - 2 scrolls of identify
 m - a scroll of blinking
 q - a scroll of amnesia {unknown}
Books
 b - a book of Air

   Spells                             Type                      Level
   a - Shock                          Conjuration/Air              1
   b - Swiftness                      Charms/Air                   2
   c - Repel Missiles                 Charms/Air                   2
   d - Static Discharge               Conjuration/Air              3
   e - Lightning Bolt                 Conjuration/Air              5
Comestibles
 c - a bread ration
 p - a beef jerky


   Skills:
 + Level 1.0 Fighting
 + Level 1.2 Armour
 + Level 2.3 Dodging
 - Level 2.0 Stealth
 * Level 2.5 Spellcasting
 * Level 2.0 Conjurations
 * Level 3.6 Air Magic


You had 4 spell levels left.
You knew the following spells:

 Your Spells              Type           Power        Failure   Level  Hunger
a - Shock                 Conj/Air       ##..         10%         1    #......
b - Static Discharge      Conj/Air       ##......     21%         3    ###....


Dungeon Overview and Level Annotations

Branches:
Dungeon (3/15)

Altars:


Innate Abilities, Weirdness & Mutations

You have an increased reservoir of magic (+10% MP).


Message History

The zap hits the orc wizard.
The orc wizard is severely wounded.
The zap hits the orc.
You kill the orc!
Your Conjurations skill increases to level 2!
You are feeling very hungry.
Casting: Shock
Confirm with . or Enter, or press ? or * to list all spells.
Aiming: Shock
Press: ? - help, Shift-Dir - straight line The zap hits the orc wizard.
The orc wizard is almost dead.
The orc wizard casts a spell at you. The magic dart hits you!
* * * LOW HITPOINT WARNING * * *
You barely miss the orc wizard.
The orc wizard is almost dead.
The orc wizard casts a spell at you. The magic dart hits you!
You die... #oo

?.. ... ####.##
#.....# #.##..#
#.#...# +#
#<#)#.# .#
#.@...# .#
###o### ##.##
#.# ######...##
#.# #.o.ob...b#
#.# #.####...##
#)####o####.#.#
#(...b.....##
.. ######.##.##
.# #.###.## #


You could see an orc wizard.

Vanquished Creatures
  4 adders (D:2)
  An ooze (D:2)
  A worm (D:2)
  A giant gecko (D:2)
  3 orcs (D:3)
  2 ball pythons
  4 bats (D:1)
  2 goblins (D:2)
  3 hobgoblins
  4 giant newts
  6 kobolds
  A quokka (D:2)
  5 rats
37 creatures vanquished.

Vanquished Creatures (others)
  2 butterflies (D:3)
2 creatures vanquished.

Grand Total: 39 creatures vanquished

Notes
Turn   | Place    | Note
--------------------------------------------------------------
     0 | D:1      | HEYYEYAAE the Human Air Elementalist began the quest for the Orb.
     0 | D:1      | Reached XP level 1. HP: 13/13 MP: 3/3
   189 | D:1      | Reached XP level 2. HP: 16/19 MP: 3/5
   348 | D:1      | Reached skill level 1 in Armour
   574 | D:2      | Gained mutation: You have an increased reservoir of magic (+10% MP). [potion of beneficial mutation]
   588 | D:2      | Reached XP level 3. HP: 3/25 MP: 0/7
   661 | D:2      | Learned a level 3 spell: Static Discharge
  1171 | D:2      | Reached XP level 4. HP: 27/31 MP: 2/8
  1212 | D:2      | Reached skill level 1 in Fighting
  1589 | D:3      | Killed from afar by an orc wizard

Vault maps used:
D:1:      erik_arrival_blinker_ship
D:3:      cheibriados_altar_wand_db, first_bread, uniq_grinder, uniq_jessica

Action                   |  1- 3 |  4- 6 || total
-------------------------+-------+-------++-------
Melee: Whip              |    19 |       ||    19
       Dagger            |    16 |       ||    16
       Great sword       |     2 |    26 ||    28
 Cast: Shock             |    43 |    19 ||    62
  Use: Potion            |     2 |     3 ||     5
       Scroll            |       |     3 ||     3
 Stab: Sleeping          |     3 |     1 ||     4
  Eat: Chunk             |     1 |     1 ||     2
